 Dungeon Crawl Stone Soup version 0.31.0-4-g52a2dc7128 (webtiles) character file.

Game seed: 15137217063447953792

151 BeingJoeMalik the Firebug (level 5, -6/28 HPs)
             Began as a Tengu Fire Elementalist on Jan 23, 2024.
             Mangled by a gnoll
             ... wielding a +0 spear
              (8 damage)
             ... on level 4 of the Dungeon.
             The game lasted 00:06:49 (2676 turns).

BeingJoeMalik the Firebug (Tengu Fire Elementalist) Turns: 2676, Time: 00:06:50

Health: -6/28      AC:  3    Str:  9    XL:     5   Next: 33%
Magic:  2/9        EV: 12    Int: 17    God:
Gold:   188        SH:  5    Dex: 14    Spells: 5/8 levels left

rFire   . . .        l - staff of air
rCold   . . .        (no shield)
rNeg    . . .        a - +1 robe
rPois   .            (helmet restricted)
rElec   +            (no cloak)
rCorr   .            (no gloves)
SInv    .            (boots unavailable)
Will    .....        i - amulet of reflection
Stlth   ++           (no ring)
HPRegen 0.24/turn    (no ring)
MPRegen 0.11/turn

%: reflection, acrobat
@: very slightly contaminated
A: beak, talons 3, acrobatic
a: no special abilities


You were on level 4 of the Dungeon.
You visited 1 branch of the dungeon, and saw 4 of its levels.

You collected 202 gold pieces.
You spent 14 gold pieces at shops.

Inventory:

Missiles
 k - 6 poisoned darts
Armour
 a - a +1 robe (worn)
Magical Staves
 l - a staff of air (weapon)
Jewellery
 i - an amulet of reflection (around neck)
 n - an amulet of guardian spirit
Scrolls
 e - 3 scrolls of noise
 g - a scroll of identify
 h - a scroll of enchant armour
Potions
 b - a potion of magic
 c - 3 potions of curing
 d - a potion of attraction
 j - a potion of berserk rage {unknown}
 m - a potion of might
 o - a potion of enlightenment {unknown}


   Skills:
 - Level 2.1 Dodging
 - Level 2.0 Stealth
 - Level 2.0 Spellcasting
 + Level 4.4 Conjurations
 + Level 5.3 Fire Magic


You had 5 spell levels left.
You knew the following spells:

 Your Spells              Type           Power      Damage    Failure   Level
a - Foxfire               Conj/Fire      72%        2x1d7     2%          1
b - Scorch                Fire           38%        2d6       3%          2

Your spell library contained the following spells:

 Spells                   Type           Power      Damage    Failure   Level
 Inner Flame              Hex/Fire       10%        N/A       21%         3
 Volatile Blastmotes      Fire/Tloc      20%        2d11      21%         3
 Flame Wave               Conj/Fire      18%        2d7       26%         4
 Fulminant Prism          Conj/Alch      4%         3d5       61%         4
 Iskenderun's Mystic Bla  Conj/Tloc      9%         2d4       61%         4


Dungeon Overview and Level Annotations

Branches:
Dungeon (4/15)
 Temple: D:4-7

Altars:
Cheibriados
Uskayaw

Shops:
D:2 ?


Innate Abilities, Weirdness & Mutations

You have a beak for a mouth.
You have claws for feet.
You can magically evade attacks while moving or waiting.


Message History

You are very lightly contaminated with residual magic.
Nothing appears to happen.
The foxfire hits the gnoll but does no damage.
The gnoll is moderately wounded.
The foxfire hits the gnoll.
The gnoll is heavily wounded.
Casting: Scorch (safe; 3% risk of failure)
Confirm with . or Enter, or press ? or * to list all spells.
You conjure some foxfire!
The foxfire hits the gnoll but does no damage.
Casting: Foxfire (safe; 2% risk of failure)
Confirm with . or Enter, or press ? or * to list all spells.
Flames lash the gnoll.
The gnoll is heavily wounded.
The gnoll's fire resistance burns away.
The foxfire hits the gnoll.
The gnoll is almost dead.
The gnoll hits you with a +0 whip! The gnoll closely misses you.
Casting: Scorch (safe; 3% risk of failure)
Confirm with . or Enter, or press ? or * to list all spells.
You conjure some foxfire!
The gnoll hits you with a +0 whip. The gnoll hits you with a +0 whip!
* * * LOW HITPOINT WARNING * * *
The gnoll hits you from afar with a +0 spear.
* * * LOW HITPOINT WARNING * * *
Casting: Foxfire (safe; 2% risk of failure)
Confirm with . or Enter, or press ? or * to list all spells.
You don't have enough magic to cast this spell.
Unknown command.
You hit the gnoll. Your kick misses the gnoll.
The gnoll is severely wounded.
The foxfire hits the gnoll but does no damage.
The gnoll is almost dead.
The foxfire hits the gnoll.
You kill the gnoll!
The gnoll barely misses you.
The gnoll hits you from afar with a +0 spear.
* * * LOW HITPOINT WARNING * * *
You block the gnoll's attack.
The gnoll hits you from afar with a +0 spear!
You die...

## .## ..# ####### .?##
##..#..###...##
#........#g...#
###.......g)<.## ###
#.........@....# ..#
###.......##.§....#
..###........####......#
...#............#...#...
.#..##...<.........## #.
.........÷.>...##..#
...........##..# .##
..................#
........#.....#..#


You could see 2 gnolls.

Vanquished Creatures
  A bombardier beetle (D:4)
  An iguana (D:4)
  A gnoll (D:4)
  4 adders
  3 ribbon worms
  5 ball pythons
  6 bats
  2 endoplasms
  6 giant cockroaches
  4 goblins
  5 hobgoblins
  A quokka (D:2)
  3 frilled lizards
  4 kobolds
  7 rats
53 creatures vanquished.

Vanquished Creatures (others)
  151 foxfires
151 creatures vanquished.

Grand Total: 204 creatures vanquished

Notes
Turn   | Place    | Note
-------+----------+-------------------------------------------
     0 | D:1      | BeingJoeMalik the Tengu Fire Elementalist began the quest
                  | for the Orb.
     0 | D:1      | Reached XP level 1. HP: 10/10 MP: 4/4
   204 | D:1      | Reached XP level 2. HP: 15/15 MP: 4/6
   210 | D:1      | Learned a level 2 spell: Scorch
   232 | D:1      | Found Soafiur's Book Emporium.
   684 | D:2      | Found Qistruobe's Magic Scroll Boutique.
   763 | D:2      | Reached XP level 3. HP: 19/19 MP: 3/7
   965 | D:2      | Reached skill level 4 in Fire Magic
  1336 | D:2      | Reached XP level 4. HP: 24/24 MP: 6/8
  1604 | D:2      | Bought a scroll of noise for 14 gold pieces
  1645 | D:3      | Found a faded altar of an unknown god.
  1902 | D:3      | Found a hide-covered altar of Uskayaw.
  2205 | D:3      | Found a snail-covered altar of Cheibriados.
  2426 | D:4      | Reached skill level 5 in Fire Magic
  2430 | D:4      | Reached XP level 5. HP: 28/28 MP: 0/9
  2676 | D:4      | Mangled by a gnoll

Illustrated notes

Levels and vault maps discovered:
D:1:      dpeg_arrival_stonehenge_8_columns, layout_rooms, serial_shops, shop,
          minivault_23, minivault_19
D:2:      layout_rooms, serial_shops, nicolae_shop_hallway_stairs
D:3:      layout_basic, slow_altar_2, mainiacjoe_overflow_alcove_1,
          ebering_ecumenical_altar_rust, serial_park_tiny_1
D:4:      layout_cave_pools, nicolae_wu_jian_wuxing_cycle,
          small_statue_intersection, minivault_11, kennysheep_flooded_box

Skill      XL: |  1  2  3  4 |
---------------+-------------+-----
Conjurations   | 2 3 4 |  4.4
Fire Magic     | 4 5 |  5.3
Dodging        | |  2.1
Stealth        | |  2.0
Spellcasting   | |  2.0

Action                     |  1- 3 |  4- 6 || total
---------------------------+-------+-------++-------
  Melee: Unarmed           |     7 |       ||     7
         Kick              |     1 |     1 ||     2
         Staff             |       |     3 ||     3
   Cast: Foxfire           |    57 |    33 ||    90
         Scorch            |     4 |     7 ||    11
    Use: Scroll            |       |     5 ||     5
 Armour: Robe              |     7 |    11 ||    18
  Dodge: Dodged            |     8 |     5 ||    13
  Block: Other             |       |     3 ||     3
